 Dungeon Sprint DCSS version 0.19.1 (webtiles) character file.

23363 dvd the Executioner (level 12, -8/192 HPs)
             Began as a Minotaur Fighter on Dec 21, 2016.
             Was a High Priest of Okawaru.
             Killed from afar by a fire giant (17 damage)
             ... with a bolt of fire
             ... in the Dungeon (Sprint I: "Red Sonja").
             The game lasted 00:22:29 (3906 turns).

dvd the Executioner (Minotaur Fighter)              Turns: 3906, Time: 00:22:30

Health: -8/192     AC: 32    Str: 27    XL:     12   Next: 71%
Magic:  8/14       EV: 15    Int:  6    God:    Okawaru [*****.]
Gold:   1318       SH: 20    Dex: 14    Spells: 0 memorised, 11 levels left

rFire  + . .     SeeInvis +     b - +1 broad axe (chop)
rCold  + + .     Gourm    .     s - +2 plate armour {rC+}
rNeg   + . .     Faith    .     c - +0 shield
rPois  +         Spirit   .     n - +2 hat {SInv}
rElec  .         Reflect  +     l - +2 cloak {MR+}
rCorr  .         Harm     .     v - +0 pair of gloves {archery}
MR     +....     NoTele   +     u - +2 pair of boots {run}
Stlth  ..........               y - +3 amulet of reflection
                                a - ring "Sorocrexaen" {rPois rF+ rC+ rN+ Int+3}
                                m - +5 ring of slaying

@: berserking, heroism, very quick
A: retaliatory headbutt, horns 2, deterioration 2, dopey 1, low mp 1, slow
regeneration 1, subdued magic 1, MP-powered wands
a: Heroism, Finesse, Renounce Religion


You were in the Dungeon.
You worshipped Okawaru.
Okawaru was extremely pleased with you.
You were not hungry.

You visited 1 branch You collected 3803 gold pieces.
You spent 2485 gold pieces at shops.

Inventory:

Hand Weapons
 b - a +1 broad axe of chopping (weapon)
 r - a +0 mace
Armour
 c - a +0 shield (worn)
 l - a +2 cloak of magic resistance (worn)
 n - a +2 hat of see invisible (worn)
 o - a +3 chain mail of cold resistance
 s - a +2 plate armour of cold resistance (worn)
 u - a +2 pair of boots of running (worn)
 v - a +0 pair of gloves of archery (worn)
Magical Staves
 t - an uncursed staff of power
Rods
 j - a +1 rod of clouds (14/14)
   (You found it in the Dungeon)
Jewellery
 a - the ring "Sorocrexaen" (right hand) {rPois rF+ rC+ rN+ Int+3}
   (You bought it in a shop in the Dungeon)

   [ring of positive energy]

   It affects your intelligence (+3).
   It protects you from fire.
   It protects you from cold.
   It protects you from poison.
   It protects you from negative energy.
 m - a +5 ring of slaying (left hand)
 y - a +3 amulet of reflection (around neck)
Wands
 q - a wand of random effects (8/48)
Scrolls
 k - a scroll of blinking
 p - 2 scrolls of identify
 x - a scroll of amnesia
Potions
 d - 2 potions of might
 e - 3 potions of curing
 h - a potion of haste
 i - 2 potions of magic
Books
 g - a Young Poisoner's Handbook

   Spells                             Type                      Level
   a - Sting                          Conjuration/Poison           1
   b - Mephitic Cloud                 Conjuration/Poison/Air       3
   c - Olgreb's Toxic Radiance        Poison                       4
   d - Alistair's Intoxication        Transmutation/Poison         5
   e - Venom Bolt                     Conjuration/Poison           5
 w - the Incunabulum of Creative Intoxication
   (You found it in the Dungeon)

   Spells                             Type                      Level
   a - Sting                          Conjuration/Poison           1
   b - Call Imp                       Summoning                    2
   c - Call Canine Familiar           Summoning                    3
   d - Recall                         Summoning/Translocation      3
   e - Venom Bolt                     Conjuration/Poison           5
   f - Alistair's Intoxication        Transmutation/Poison         5
Comestibles
 f - 2 bread rations


   Skills:
 + Level 18.7(23.7) Fighting
 + Level 21.2(26.2) Axes
 + Level 3.1(19.7) Maces & Flails
 + Level 15.2(20.2) Armour
 + Level 6.9(11.9) Dodging
 + Level 1.0(6.0) Stealth
 + Level 17.6(22.6) Shields
 + Level 0.9(5.9) Unarmed Combat
 + Level 6.6 Invocations
 + Level 0.6 Evocations


You had 11 spell levels left.
You didn't know any spells.

Dungeon Overview and Level Annotations

Branches:
Dungeon (1/1)

Altars:
Cheibriados
Dithmenos
Elyvilon
Fedhas
Gozag
Hepliaklqana
Kikubaaqudgha
Makhleb
Nemelex Xobeh
Okawaru
Qazlal
Ru
Sif Muna
Trog
Uskayaw
Vehumet
Xom
Yredelemnul
Zin
The Shining One
Jiyva
Lugonu

Shops:
D [**!(:*((}:((*[?%=?[=?


Innate Abilities, Weirdness & Mutations

You reflexively headbutt those who attack you in melee.
You have a pair of horns on your head.
Your body often deteriorates upon taking damage.
You are dopey. (Int -2)
Your magical capacity is low. (-10% MP)
You regenerate slowly when monsters are visible.
Your spells are a little easier to cast, but a little less powerful.
You expend magic power (3 MP) to strengthen your wands.


Message History

The fire giant gestures at you while chanting.
The bolt of fire hits the fire giant.
The fire giant resists.
The bolt of fire hits you! You resist.
* * * LOW HITPOINT WARNING * * *
You hit the fire giant.
The fire giant is lightly wounded.
You barely miss the fire giant. The fire giant barely misses you.
You furiously retaliate!
You headbutt the fire giant, but do no damage.
Unknown command.
You slice the fire giant!! You headbutt the fire giant!!
The fire giant is heavily wounded.
You barely miss the fire giant. The fire giant casts a spell at you.
The bolt of fire hits the fire giant.
The fire giant resists.
The bolt of fire hits you! You resist.
* * * LOW HITPOINT WARNING * * *
The fire giant gestures at you while chanting.
The bolt of fire hits you! You resist.
You die...

.###.'.#§§§###§'##.##..$#
##.§.
##.###.#§§###..###..#+###
#.§§§
.'.∩##.#§§####..###...#
##.§§§
######§##'#..#(.#.###.#
#..§§§
§...##§##)#........§#.#
#§.§.§
.....§§####.....§...#.#
##...§
######.#).'......####'#
#....
..§§§#§#####...###....#
##... ....#§§#
#####@).#### ##.(
...≈#### .....CCC### ###
..≈≈# ....##### ≈≈≈## ..
≈### #'### ##∩∩# ∩∩∩##
####


You could see 3 fire giants.

Vanquished Creatures
  A golden dragon (D)
  A shadow dragon (D)
  A fire giant (D)
  A lorocyproca (D)
  A hydra (D)
  2 centaur warriors (D)
  Sonja (D)
  A deep troll (D)
  7 unseen horrors (D)
  A lindwurm (D)
  8 shining eyes (D)
  An oklob plant (D)
  A gargoyle (D)
  4 demonic crawlers (D)
  2 kobold demonologists (D)
  A hornet (D)
  A slime creature (D)
  Sigmund (D)
  2 redbacks (D)
  A yak (D)
  13 hogs (D)
  7 floating eyes (D)
  7 necrophages (D)
  An ogre (D)
  8 jellies (D)
  Ijyb (D)
  4 ballistomycetes (D)
80 creatures vanquished.

Vanquished Creatures (others)
  A gargoyle (D)
  2 ballistomycete spores (D)
3 creatures vanquished.

Grand Total: 83 creatures vanquished

Notes
Turn   | Place    | Note
-------+----------+-------------------------------------------
     0 | D        | dvd the Minotaur Fighter began the quest for the Orb.
     0 | D        | Reached XP level 1. HP: 19/19 MP: 0/0
     1 | D        | Noticed Ijyb
    14 | D        | Killed Ijyb
    14 | D        | Reached skill level 5 in Fighting
    14 | D        | Reached skill level 3 in Axes
    14 | D        | Reached skill level 5 in Armour
    14 | D        | Reached skill level 5 in Shields
    14 | D        | Reached XP level 2. HP: 27/29 MP: 1/1
    32 | D        | Noticed an ogre
    38 | D        | Killed an ogre
    38 | D        | Reached skill level 4 in Axes
    38 | D        | Reached skill level 1 in Dodging
    38 | D        | Reached XP level 3. HP: 38/38 MP: 2/2
    38 | D        | Reached XP level 4. HP: 45/45 MP: 3/3
    87 | D        | Noticed Sigmund
    93 | D        | Killed Sigmund
    93 | D        | Reached skill level 5 in Axes
    93 | D        | Reached XP level 5. HP: 46/57 MP: 4/4
    93 | D        | Reached XP level 6. HP: 51/63 MP: 5/5
   107 | D        | Found a deep blue altar of Sif Muna.
   109 | D        | Found a radiant altar of Vehumet.
   111 | D        | Reached skill level 6 in Axes
   163 | D        | Found Qaig's Distillery.
   163 | D        | Found an ancient bone altar of Kikubaaqudgha.
   163 | D        | Found a hazy altar of Hepliaklqana.
   163 | D        | Found a hide-covered altar of Uskayaw.
   163 | D        | Found a basalt altar of Yredelemnul.
   163 | D        | Found an opulent altar of Gozag.
   163 | D        | Found a snail-covered altar of Cheibriados.
   163 | D        | Found a sacrificial altar of Ru.
   163 | D        | Found a shadowy altar of Dithmenos.
   163 | D        | Noticed a yak
   172 | D        | Killed a yak
   172 | D        | Reached skill level 10 in Fighting
   172 | D        | Reached skill level 7 in Axes
   172 | D        | Reached skill level 10 in Armour
   173 | D        | Found a stormy altar of Qazlal.
   173 | D        | Found a blossoming altar of Fedhas.
   173 | D        | Found a bloodstained altar of Trog.
   173 | D        | Found an iron altar of Okawaru.
   173 | D        | Found a glowing golden altar of the Shining One.
   173 | D        | Found a glowing silver altar of Zin.
   173 | D        | Found a white marble altar of Elyvilon.
   175 | D        | Found a sparkling altar of Nemelex Xobeh.
   184 | D        | Became a worshipper of Warmaster Okawaru
   288 | D        | Killed a gargoyle
   316 | D        | Found a viscous altar of Jiyva.
   316 | D        | Found a corrupted altar of Lugonu.
   316 | D        | Noticed a slime creature
   323 | D        | HP: 1/66 [slime creature (11)]
   328 | D        | Killed a slime creature
   328 | D        | Reached * piety under Okawaru
   328 | D        | Reached skill level 8 in Axes
   328 | D        | Reached XP level 7. HP: 5/73 MP: 6/6
   329 | D        | Found a burning altar of Makhleb.
   329 | D        | Found a shimmering altar of Xom.
   640 | D        | Noticed Sonja
   655 | D        | Killed Sonja
   655 | D        | Reached skill level 10 in Axes
   655 | D        | Reached skill level 10 in Shields
   655 | D        | Reached XP level 8. HP: 29/83 MP: 3/7
  1304 | D        | Noticed a deep troll
  1315 | D        | Killed a deep troll
  1315 | D        | Reached ** piety under Okawaru
  1315 | D        | Reached skill level 11 in Axes
  1315 | D        | Reached skill level 1 in Invocations
  1326 | D        | Found Turoonua's Armour Emporium.
  1333 | D        | Bought a +1 cloak of magic resistance for 214 gold pieces
  1333 | D        | Bought a +1 hat of see invisible for 208 gold pieces
  1583 | D        | Found Qaroukad's Antique Armour Boutique.
  1591 | D        | Bought a shiny chain mail for 273 gold pieces
  1603 | D        | Identified a +0 rod of clouds (13/13) (You found it in the Dungeon)
  1625 | D        | Noticed a centaur warrior
  1626 | D        | Noticed a centaur warrior
  1632 | D        | Killed a centaur warrior
  1632 | D        | Reached *** piety under Okawaru
  1632 | D        | Reached skill level 12 in Axes
  1632 | D        | Reached XP level 9. HP: 85/93 MP: 7/9
  1638 | D        | Killed a centaur warrior
  1638 | D        | Reached **** piety under Okawaru
  1688 | D        | Noticed a kobold demonologist
  1689 | D        | Noticed a kobold demonologist
  1692 | D        | Noticed a soul eater
  1694 | D        | Killed a kobold demonologist
  1694 | D        | Reached skill level 1 in Stealth
  1698 | D        | Killed a kobold demonologist
  1698 | D        | Reached skill level 13 in Axes
  1708 | D        | Noticed a demonic crawler
  1708 | D        | Noticed a demonic crawler
  1708 | D        | Noticed a demonic crawler
  1708 | D        | Noticed a demonic crawler
  1716 | D        | Killed a demonic crawler
  1716 | D        | Reached XP level 10. HP: 85/102 MP: 7/10
  1719 | D        | Reached ***** piety under Okawaru
  1726 | D        | Reached skill level 5 in Dodging
  1894 | D        | Noticed a gargoyle
  1904 | D        | Killed a gargoyle
  1904 | D        | Reached skill level 14 in Axes
  1917 | D        | Noticed a lindwurm
  1921 | D        | Killed a lindwurm
  1940 | D        | Reached skill level 15 in Axes
  1957 | D        | Received a gift from Okawaru
  1963 | D        | Reached skill level 15 in Fighting
  2170 | D        | Reached skill level 16 in Axes
  2362 | D        | Noticed an oklob plant
  2369 | D        | Killed an oklob plant
  2369 | D        | Reached XP level 11. HP: 60/112 MP: 9/12
  2569 | D        | Reached skill level 15 in Shields
  2591 | D        | Noticed an unseen horror
  2592 | D        | Noticed an unseen horror
  2598 | D        | Killed an unseen horror
  2603 | D        | Killed an unseen horror
  2641 | D        | Reached skill level 17 in Axes
  2688 | D        | Found Gepaty's Weapon Shoppe.
  2688 | D        | Found Mashrabb's Assorted Antiques.
  2688 | D        | Found Miosat's Antique Weapon Boutique.
  2690 | D        | Found Illug's Gadget Emporium.
  2690 | D        | Found Lylazxoq's Book Shop.
  2690 | D        | Found Kerizobb's Antique Weapon Shoppe.
  2690 | D        | Found Acur Giu's Weapon Boutique.
  2690 | D        | Found Qibu's Assorted Antiques.
  2690 | D        | Found Wuppiciv's Antique Armour Shop.
  2690 | D        | Found Fuafiad's Magic Scroll Shoppe.
  2694 | D        | Found Keopaont's Food Boutique.
  2695 | D        | Found Hasmeser's Magic Scroll Emporium.
  2695 | D        | Found Guukh's Jewellery Boutique.
  2696 | D        | Found Eniboe Azoh's Jewellery Emporium.
  2704 | D        | Bought the ring "Sorocrexaen" {rPois rF+ rC+ rN+ Int+3} for 721 gold pieces
  2754 | D        | Noticed a shining eye
  2754 | D        | Noticed a shining eye
  2754 | D        | Noticed a shining eye
  2755 | D        | Noticed a shining eye
  2755 | D        | Noticed a shining eye
  2755 | D        | Noticed a shining eye
  2756 | D        | Gained mutation: You expend magic power (3 MP) to strengthen your wands. [a shining eye]
  2757 | D        | Received a gift from Okawaru
  2760 | D        | Killed a shining eye
  2763 | D        | Noticed a shining eye
  2763 | D        | Noticed a shining eye
  2763 | D        | Gained mutation: Your spells are a little easier to cast, but a little less powerful. [a shining eye]
  2763 | D        | Gained mutation: You regenerate slowly when monsters are visible. [a shining eye]
  2764 | D        | Gained mutation: You are dopey. (Int -2) [a shining eye]
  2764 | D        | Gained mutation: Your magical capacity is low. (-10% MP) [a shining eye]
  2765 | D        | Killed a shining eye
  2765 | D        | Killed a shining eye
  2766 | D        | Gained mutation: Your body sometimes deteriorates upon taking damage. [a shining eye]
  2768 | D        | Killed a shining eye
  2768 | D        | Reached skill level 18 in Axes
  2768 | D        | Killed a shining eye
  2770 | D        | Killed a shining eye
  2771 | D        | Gained mutation: Your body often deteriorates upon taking damage. [a shining eye]
  2774 | D        | Killed a shining eye
  2775 | D        | Killed a shining eye
  2782 | D        | Found Menoan's Assorted Antiques.
  2782 | D        | Found Ygreh's Antique Weapon Shop.
  2782 | D        | Found Kapecy's Assorted Antiques.
  2782 | D        | Found Zufruon's Book Boutique.
  2887 | D        | Noticed a daeva
  2893 | D        | Noticed a 12-headed hydra
  2899 | D        | Killed a 12-headed hydra
  2899 | D        | Reached skill level 19 in Axes
  3017 | D        | Bought a +2 pair of boots of running for 539 gold pieces
  3083 | D        | Noticed a shadow dragon
  3083 | D        | Noticed a golden dragon
  3097 | D        | Killed a golden dragon
  3097 | D        | Received a gift from Okawaru
  3097 | D        | Reached skill level 20 in Axes
  3097 | D        | Reached skill level 1 in Maces & Flails
  3097 | D        | Reached skill level 5 in Invocations
  3097 | D        | Reached XP level 12. HP: 118/127 MP: 4/13
  3112 | D        | Killed a shadow dragon
  3126 | D        | Identified the Incunabulum of Creative Intoxication
  3195 | D        | Found Wosat's Magic Scroll Shoppe.
  3214 | D        | Bought a scroll of enchant armour for 90 gold pieces
  3214 | D        | Bought a scroll of enchant armour for 90 gold pieces
  3311 | D        | Bought a +3 amulet of reflection for 350 gold pieces
  3383 | D        | Noticed a lorocyproca
  3399 | D        | Killed a lorocyproca
  3399 | D        | Reached skill level 15 in Armour
  3709 | D        | Reached skill level 21 in Axes
  3891 | D        | Noticed a fire giant
  3893 | D        | Noticed a fire giant
  3894 | D        | Noticed a fire giant
  3896 | D        | Noticed a fire giant
  3896 | D        | Killed a fire giant
  3896 | D        | Reached ****** piety under Okawaru
  3906 | D        | HP: 9/192 [fire giant/bolt of fire (18)]
  3906 | D        | Killed from afar by a fire giant

Skill      XL: |  1  2  3  4  5  6  7  8  9 10 11 12 |
---------------+-------------------------------------+-----
Fighting       | 5 6 9 10 11 13 15 17 18 | 18.7
Axes           | 3 4 5 8 10 12 13 16 20 21 | 21.2
Armour         | 5 7 9 10 11 13 14 15 | 15.2
Shields        | 5 6 8 9 10 11 13 14 16 17 | 17.6
Dodging        | 1 2 3 4 5 6 |  6.9
Invocations    | 1 2 3 5 6 |  6.6
Stealth        | 1 |  1.0
Maces & Flails | 1 3 |  3.1
Unarmed Combat | |  0.9
Evocations     | |  0.6

Action                   |  1- 3 |  4- 6 |  7- 9 | 10-12 || total
-------------------------+-------+-------+-------+-------++-------
Melee: War axe           |    17 |    26 |    50 |    50 ||   143
       Headbutt          |     4 |     9 |    10 |    40 ||    63
       Unarmed           |       |       |     1 |       ||     1
       Broad axe         |       |       |       |   122 ||   122
       Mace              |       |       |       |     5 ||     5
Invok: Heroism           |       |       |     5 |     7 ||    12
       Finesse           |       |       |       |     3 ||     3
Evoke: Wand              |       |       |       |     1 ||     1
  Use: Potion            |     1 |     1 |       |     3 ||     5
       Scroll            |       |       |     2 |     7 ||     9
  Eat: Meat ration       |       |       |     1 |     1 ||     2
Armor: Scale mail        |     2 |       |       |       ||     2
       Chain mail        |       |     2 |    24 |    26 ||    52
       Plate armour      |       |       |       |    28 ||    28
Dodge: Dodged            |     8 |     3 |    29 |    47 ||    87
Block: Shield            |     1 |     7 |    44 |   111 ||   163
